 Dungeon Crawl Stone Soup version 0.22.1-6-g1668fe2c40 (webtiles) character file.

28 Gargoyl the Skirmisher (level 2, 0/26 HPs)
             Began as a Centaur Abyssal Knight on Jan 29, 2019.
             Was a Follower of Lugonu.
             Succumbed to an adder's poison
             ... on level 2 of the Dungeon.
             The game lasted 00:01:09 (584 turns).

Gargoyl the Skirmisher (Centaur Abyssal Knight)      Turns: 584, Time: 00:01:10

Health: 0/26       AC:  6    Str: 14    XL:     2   Next: 96%
Magic:  3/3        EV:  9    Int: 11    God:    Lugonu [*.....]
Gold:   14         SH:  0    Dex:  8    Spells: 1/1 levels left

rFire    . . .     SeeInvis .   a - +1 hand axe
rCold    . . .     Gourm    .   (no shield)
rNeg     . . .     Faith    .   b - +0 leather armour
rPois    .         Spirit   .   (helmet restricted)
rElec    .         Reflect  .   (no cloak)
rCorr    .         Harm     .   (no gloves)
MR       .....                  (no barding)
Stlth    +.........             (no amulet)
HPRegen  0.08/turn              (no ring)
MPRegen  0.08/turn              (no ring)

@: lethally poisoned (0 -> -4), flying, very quick
A: large, hooves 3, horns 1, iridescent scales 1, deformed body, speed 2, tough
skin 3, evolution 1
a: Depart the Abyss, Renounce Religion


You were on level 2 of the Dungeon.
You worshipped Lugonu.
Lugonu was aware of your devotion.
You were not hungry.

You visited 1 branch of the dungeon, and saw 2 of its levels.
You visited the Abyss 1 time.

You collected 14 gold pieces.

Inventory:

Hand Weapons
 a - a +1 hand axe (weapon)
Armour
 b - a +0 leather armour (worn)
Scrolls
 d - a scroll of identify {unknown}
Comestibles
 c - 3 rations


   Skills:
 + Level 3.3 Fighting
 + Level 1.9 Axes
 * Level 1.8 Armour
 * Level 1.0 Dodging
 * Level 2.3 Invocations


You had one spell level left.
You didn't know any spells.
Your spell library was empty.

Dungeon Overview and Level Annotations

Branches:
Dungeon (1/15)

Altars:


Innate Abilities, Weirdness & Mutations

You have hooves in place of feet.
Armour fits poorly on your strangely shaped body.
You cover ground very quickly.
You have extremely tough skin. (AC +3)
You have a pair of small horns on your head.
You are partially covered in iridescent scales. (AC +2)
You evolve.


Message History

Your headbutt misses the adder.
The adder is severely wounded.
The adder closely misses you. The adder barely misses you.
You hit the adder.
You kill the adder!
Lugonu accepts your kill.
Your Dodging skill increases to level 1!
* * * LOW HITPOINT WARNING * * *
You feel sick.
A jackal comes into view. x2
The jackal moves out of view.
The jackal barks!
You hear a bark!
You see here an adder corpse.
Unknown command.
* * * LOW HITPOINT WARNING * * *
You feel sick.
Unknown command.
Unknown command.
Unknown command.
You die...

.............## ##
..............#####.
.........†..........
#####......#.......
###......###.####
#........# #[#... .
#.##.##### #.....
..#########.##.#
#.#...
..........@.##.#
#.#...
..#..h....†###..#
#.#...
.....h..........#
#.#...
..#....†...####%#
#.#...
................
.....#.
##).############
##...#. #.. .... #.
#. ..#.# #. # # #.
..


You could see 2 jackals.

Vanquished Creatures
  An adder (D:2)
  A giant cockroach (D:1)
  4 hobgoblins
  A bat (D:1)
  3 frilled lizards
  4 goblins (D:1)
  2 kobolds
  4 rats
20 creatures vanquished.

Notes
Turn   | Place    | Note
-------+----------+-------------------------------------------
     0 | Abyss:1  | Gargoyl the Centaur Abyssal Knight began the quest for the
                  | Orb.
     0 | Abyss:1  | Reached XP level 1. HP: 19/19 MP: 2/2
    51 | Abyss:1  | Noticed a smoke demon
    52 | Abyss:1  | Gained mutation: You have a pair of small horns on your
                  | head. [potion of mutation]
    52 | Abyss:1  | Gained mutation: You are partially covered in iridescent
                  | scales. (AC +2) [potion of mutation]
    52 | Abyss:1  | Gained mutation: You evolve. [potion of mutation]
    53 | D:1      | Escaped the Abyss
   272 | D:1      | Reached * piety under Lugonu
   410 | D:1      | Reached XP level 2. HP: 22/26 MP: 3/3
   502 | D:1      | You fall through a shaft!
   577 | D:2      | Reached skill level 1 in Dodging
   580 | D:2      | HP: 1/26 [poisoned by an adder]
   584 | D:2      | Succumbed to an adder's poison

Skill      XL: |  1  2 |
---------------+-------+-----
Dodging        | 1 |  1.0
Fighting       | |  3.3
Axes           | |  1.9
Armour         | |  1.8
Invocations    | |  2.3

Action                   || total
-------------------------++-------
Melee: Hand axe          ||    53
       Kick              ||     7
       Headbutt          ||     1
Invok: Depart the Abyss  ||     1
  Use: Potion            ||     2
Armor: Leather armour    ||    35
Dodge: Dodged            ||    34
